 Seeded DCSS version 0.30.0-7-g0c4daa9e05 (webtiles) character file.

Game seed: 18007716519941398942 (custom seed)

14 IndexError the Shooter (level 2, 22/23 HPs)
             Began as a Demonspawn Hunter on May 13, 2023.
             Quit the game on level 1 of the Dungeon.
             The game lasted 00:00:58 (203 turns).

IndexError the Shooter (Demonspawn Hunter)           Turns: 203, Time: 00:00:59

Health: 22/23      AC:  3    Str: 11    XL:     2   Next: 31%
Magic:  2/2        EV: 11    Int: 10    God:
Gold:   9          SH:  0    Dex: 16    Spells: 1/1 levels left

rFire   . . .        a - +0 shortbow
rCold   . . .        (shield currently unavailable)
rNeg    . . .        c - +0 leather armour
rPois   .            (no helmet)
rElec   .            (no cloak)
rCorr   .            (no gloves)
SInv    .            (no boots)
Will    .....        (no amulet)
Stlth   +            (no ring)
HPRegen 0.23/turn    (no ring)
MPRegen 0.08/turn

%: no passive effects
@: no status effects
A: powered by pain 1
a: no special abilities


You were on level 1 of the Dungeon.
You visited 1 branch of the dungeon, and saw 1 of its levels.

You collected 9 gold pieces.

Inventory:

Hand Weapons
 a - a +0 shortbow (weapon)
 i - the +2 arbalest of Kismet {drain, rF+ rC+ rN+ SInv}
   (You acquired it on level 1 of the Dungeon)

   rF:        It protects you from fire.
   rC:        It protects you from cold.
   rN:        It protects you from negative energy.
   SInv:      It lets you see invisible.
Armour
 c - a +0 leather armour (worn)
Jewellery
 f - an amulet of faith {Faith, !P}
   (You found it on level 1 of the Dungeon)
 g - an amulet of the acrobat
   (You found it on level 1 of the Dungeon)
 j - the ring of Cisimaga {Fly rElec Str+3 Dex-2}
   (You acquired it on level 1 of the Dungeon)

   [ring of flight]

   Str:       It affects your strength (+3).
   Dex:       It affects your dexterity (-2).
   rElec:     It insulates you from electricity.
   Fly:       It grants you flight.
Scrolls
 b - a scroll of immolation {!r}
 d - a scroll of magic mapping {unknown}
 h - a scroll of acquirement
Potions
 e - a potion of berserk rage {unknown}


   Skills:
 + Level 2.3 Fighting
 * Level 4.0 Ranged Weapons
 - Level 1.7 Dodging
 - Level 0.8 Stealth


You had one spell level left.
You didn't know any spells.
Your spell library was empty.

Dungeon Overview and Level Annotations

Branches:
Dungeon (1/15)

Altars:


Innate Abilities, Weirdness & Mutations

You sometimes gain a little power by taking damage.


Message History

You shoot an arrow. The arrow closely misses the jackal.
You shoot an arrow. The arrow barely misses the jackal.
The jackal closely misses you.
You shoot an arrow. The arrow closely misses the jackal.
The jackal bites you. The jackal closely misses you.
An endoplasm comes into view.
You take 3 damage, and have 13/16 hp.
You shoot an arrow. The arrow closely misses the jackal.
The endoplasm quivers.
The jackal misses you. The jackal closely misses you.
You shoot an arrow. The arrow hits the jackal.
You hear a bark!
The jackal completely misses you.
The jackal bites you but does no damage.
You shoot an arrow. The jackal barks!
The arrow hits the jackal!
You shoot an arrow. The arrow barely misses the jackal.
The jackal barely misses you. x2
You shoot an arrow. The arrow hits the jackal.
The jackal closely misses you. The jackal bites you.
You take 1 damage, and have 13/16 hp.
You shoot an arrow. The arrow closely misses the jackal.
The jackal closely misses you.
The jackal bites you but does no damage.
You shoot an arrow. The arrow hits the jackal.
The jackal bites you but does no damage.
You shoot an arrow. The arrow hits the jackal!
The endoplasm jiggles.
The endoplasm freezes you.
You are frozen.
You take 4 damage, and have 10/16 hp.
MASSIVE DAMAGE!!
You shoot an arrow.
The arrow hits the endoplasm but does no damage.
The endoplasm hits you.
You shoot an arrow. The arrow hits the endoplasm.
The endoplasm freezes you.
You are frozen.
The endoplasm hits you but does no damage. x2
You take 4 damage, and have 6/16 hp.
MASSIVE DAMAGE!!
You are too injured to fight recklessly!
You are too injured to fight recklessly!
Fire: a) +0 shortbow
Press: ? - help, Q - select action Shift-Dir - straight line, f/p - endoplasm
Aim: an endoplasm (lightly wounded, 86% to hit)
You shoot an arrow. The arrow hits the endoplasm!
The endoplasm hits you but does no damage.
You have reached level 2!
Your demonic ancestry asserts itself...
You feel energised by your suffering.
You regained 3 hp, and now have 9/22 hp.
MP restored: 2 Fire: a) +0 shortbow
Press: ? - help, Q - select action Shift-Dir - straight line, f - endoplasm
Aim: an endoplasm (86% to hit)
You shoot an arrow. The arrow hits the endoplasm!
Fire: a) +0 shortbow
Press: ? - help, Q - select action Shift-Dir - straight line, f - you That would be overly suicidal.
Okay, then.
Fire: a) +0 shortbow
Press: ? - help, Q - select action Shift-Dir - straight line, f - you
Okay, then.
HP restored.
Found a stone staircase leading down.
Health restored: 22
g - an amulet of the acrobat A hobgoblin comes into view.
You shoot an arrow. The arrow hits the hobgoblin.
The hobgoblin shouts!
The hobgoblin hits you but does no damage.
You shoot an arrow. The arrow barely misses the hobgoblin.
The hobgoblin barely misses you.
You shoot an arrow. The arrow hits the hobgoblin!
Your Ranged Weapons skill increases to level 4!
No target in view!
A goblin comes into view. It is wielding a +0 dagger.
A goblin is nearby!
You shoot an arrow. The arrow hits the goblin.
You shoot an arrow. The arrow hits the goblin!
No target in view!
No target in view!
Things that are here:
a +0 dagger; a goblin corpse An endoplasm and a frilled lizard come into view.
You shoot an arrow. The arrow hits the endoplasm!
The frilled lizard hisses angrily.
Health restored: 23 You shoot an arrow.
The arrow barely misses the frilled lizard.
The frilled lizard bites you. x2
You take 3 damage, and have 20/23 hp.
You shoot an arrow. The arrow hits the frilled lizard!
No target in view!
h - 3 scrolls labelled DICAOL JAOKK This is a scroll of acquirement!
Something appears at your feet!
i - the +2 arbalest of Kismet {drain, rF+ rC+ rN+ SInv} Something appears at your feet!
j - the ring of Cisimaga {Fly rElec Str+3 Dex-2} Unknown command.
Are you sure you want to abandon this character and quit the game? (Confirm with "yes".)

.............
..##.#.######
.###.#.# .#
#.#.# .#
#.#.. .#
#.### #######
.# #.# #..
..#
####.#####
#.# #.#
#......)# #.#
#@# #.#.##.##
#.# #.#
#.#..#.#
##.###.# #
##.#.#
#..)...# .#.#
#.?###.# .#.#
#..# #.# .#.#
#..# ### .#.#
#..# #.# #..#


There were no monsters in sight!

Vanquished Creatures
  4 endoplasms (D:1)
  A goblin (D:1)
  A hobgoblin (D:1)
  4 jackals (D:1)
  A frilled lizard (D:1)
11 creatures vanquished.

Notes
Turn   | Place    | Note
-------+----------+-------------------------------------------
     0 | D:1      | IndexError the Demonspawn Hunter began the quest for the
                  | Orb.
     0 | D:1      | Reached XP level 1. HP: 16/16 MP: 1/1
    52 | D:1      | Gained mutation: You sometimes gain a little power by
                  | taking damage. [demonic ancestry]
    52 | D:1      | Reached XP level 2. HP: 9/22 MP: 2/2
   145 | D:1      | Reached skill level 4 in Ranged Weapons
   199 | D:1      | Identified 3 scrolls of acquirement
   199 | D:1      | Acquired the +2 arbalest of Kismet {drain, rF+ rC+ rN+
                  | SInv}
   201 | D:1      | Acquired the ring of Cisimaga {Fly rElec Str+3 Dex-2}
   203 | D:1      | Quit the game

Illustrated notes

Levels and vault maps discovered:
D:1:      psy_arrival_dodecagon, layout_basic,
          dreamdust_ecumenical_altar_sealed_demon

Skill      XL: |  1  2 |
---------------+-------+-----
Ranged Weapons | 4 |  4.0
Fighting       | |  2.3
Dodging        | |  1.7
Stealth        | |  0.8

Action                     || total
---------------------------++-------
   Fire: Shortbow          ||    26
    Use: Scroll            ||     2
 Armour: Leather armour    ||     7
  Dodge: Dodged            ||    10

Levels and vault maps discovered:
D:1:      psy_arrival_dodecagon, layout_basic,
          dreamdust_ecumenical_altar_sealed_demon

Table legend: (Time is in decaauts)
 A = Elapsed time spent in this place.
 B = Non-inter-level travel time spent in this place.
 C = Inter-level travel time spent in this place.
 D = Time resting spent in this place.
 E = Time spent auto-exploring this place.
 F = Levels seen in this place.
 G = Mean time per level.
                   A        B        C        D        E       F      G
               +--------+--------+--------+--------+--------+-----+--------+
         Total |    212 |    212 |      0 |      0 |     85 |   1 |  212.0 |
       Dungeon |    212 |    212 |      0 |      0 |     85 |   1 |  212.0 |
               +--------+--------+--------+--------+--------+-----+--------+

Top non-repeatable levels by time:
     D:1: 212 daAuts

Table legend:
 A = Kills in this place as a percentage of kills in the entire game.
 B = Kills by you in this place as a percentage of kills by you in the entire game.
 C = Kills by friends in this place as a percentage of kills by friends in the entire game.
 D = Other kills in this place as a percentage of other kills in the entire game.
 E = Experience gained in this place as a percentage of experience gained in the entire game.
 F = Experience gained in this place divided by the number of levels of this place that you have seen.
                   A       B       C       D       E      F
               +-------+-------+-------+-------+-------+----------------------
         Total | 100.0 | 100.0 |   N/A |   N/A | 100.0 |  21.0
       Dungeon | 100.0 | 100.0 |   N/A |   N/A | 100.0 |  21.0
               +-------+-------+-------+-------+-------+----------------------
